 Dungeon Crawl Stone Soup version 0.31-a0-431-g88bdf31460 (webtiles) character file.

Game seed: 16108519874352042496

748524 Ofeo the Acrobat (level 27, -28/258 HPs)
             Began as a Demonspawn Shapeshifter on July 31, 2023.
             Was the Champion of Lugonu.
             Killed from afar by a Hell Sentinel (illusionary) (52 damage)
             ... with an iron shot
             ... in Pandemonium.
             The game lasted 02:30:56 (76152 turns).

Ofeo the Acrobat (Demonspawn Shapeshifter)         Turns: 76152, Time: 02:30:56

Health: -28/258    AC: 31    Str: 13    XL:     27
Magic:  36/36      EV: 32    Int: 10    God:    Lugonu [******]
Gold:   7113       SH:  0    Dex: 27    Spells: 5/44 levels left

rFire   + + .        b - +9 triple crossbow (heavy)
rCold   + . .        (shield currently unavailable)
rNeg    + + .        Y - quicksilver dragon scales
rPois   +            (helmet unavailable)
rElec   +            d - +0 cloak "Xiubyif" {rElec rC+ rN++ Int-5}
rCorr   +            D - +1 pair of gloves "Joleof" {Slay+3}
SInv    +            F - +0 pair of boots "Fuemut Dih" {Contam Regen+ rCorr}
Will    ++++.        Q - amulet of Vitality {RegenMP++ Regen++}
Stlth   ++++++       g - ring of Gastet {*Corrode rPois Str-3 Int+7 Dex+6}
HPRegen 3.03/turn    U - ring of Generosity {rF+ Slay+4 Stlth+}
MPRegen 1.05/turn

%: corrode self (3%)
@: corroded, sanguine armoured, studying 2 skills
A: antennae 3, demonic guardian 3, hurl damnation, foul stench 3, torment
resistance 1, sanguine armour 3, demonic willpower, clumsy 2, dopey 1, fire
resistance 1, robust 1, weak 1
}: 5/15 runes: barnacled, slimy, silver, abyssal, gossamer
a: Hurl Damnation, Renounce Religion, Depart the Abyss, Banish, Corrupt, Enter
the Abyss, Brand Weapon With Distortion


You were in Pandemonium.
You worshipped Lugonu.
Lugonu was exalted by your worship.
You visited 12 branches of the dungeon, and saw 55 of its levels.
You visited Pandemonium 1 time, and saw 1 of its levels.
You visited the Abyss 4 times.
You also visited: Trove, Ossuary, Wizlab and Desolation.

You collected 11181 gold pieces.
You spent 4068 gold pieces at shops.

Inventory:

Hand Weapons
 a - the +6 arbalest "Damnation" {damnation}
   (You bought it in a shop on level 4 of the Dungeon)
 b - a +9 heavy triple crossbow (weapon)
 B - the +8 autumn katana {manifold assault}
   (You found it on level 3 of the Crypt)
Missiles
 l - 7 throwing nets
Armour
 d - the +0 cloak "Xiubyif" (worn) {rElec rC+ rN++ Int-5}
   (You took it off a draconian monk on level 1 of the Realm of Zot)

   Int:       It affects your intelligence (-5).
   rC:        It protects you from cold.
   rElec:     It insulates you from electricity.
   rN:        It greatly protects you from negative energy.
 D - the +1 pair of gloves "Joleof" (worn) {Slay+3}
   (You found it on level 1 of the Realm of Zot)

   Slay:      It affects your accuracy & damage with ranged weapons and melee
   (+3).
 F - the +0 pair of boots "Fuemut Dih" (worn) {Contam Regen+ rCorr}
   (You acquired it on level 3 of the Depths)

   Contam:    It causes magical contamination when unequipped.
   Regen:     It increases your rate of health regeneration.
   rCorr:     It protects you from acid and corrosion.
 Y - quicksilver dragon scales (worn)
Jewellery
 c - the ring "Veprixog" {Fly rF- rN+++ Will+ AC+4}
   (You took it off an ironbound preserver on level 5 of the Vaults)

   [ring of protection]

   AC:        It affects your AC (+4).
   rF:        It makes you vulnerable to fire.
   rN:        It renders you almost immune to negative energy.
   Fly:       It grants you flight.
   Will:      It increases your willpower.
 g - the ring of Gastet (left hand) {*Corrode rPois Str-3 Int+7 Dex+6}
   (You found it in the Desolation of Salt)

   [ring of dexterity]

   Str:       It affects your strength (-3).
   Int:       It affects your intelligence (+7).
   Dex:       It affects your dexterity (+6).
   rPois:     It protects you from poison.
   *Corrode:  It may corrode you when you take damage.
 I - a +6 ring of dexterity
 Q - the amulet of Vitality (around neck) {RegenMP++ Regen++}
   (You took it off a merfolk siren on level 4 of the Shoals)

   [amulet of magic regeneration]

   It increases your rate of magic regeneration.
   Regen:     It increases your rate of health regeneration.
 U - the ring of Generosity (right hand) {rF+ Slay+4 Stlth+}
   (You found it on level 5 of the Pits of Slime)

   [ring of slaying]

   Slay:      It affects your accuracy & damage with ranged weapons and melee
   (+4).
   rF:        It protects you from fire.
   Stlth:     It makes you more stealthy.
Wands
 m - a wand of mindburst (38)
 u - a wand of acid (57) {@v2}
 E - a wand of iceblast (98) {@v4}
 L - a wand of flame (103)
 N - a wand of charming (44)
 O - a wand of digging (43) {@v1}
Scrolls
 i - a scroll of enchant weapon
 n - a scroll of brand weapon
 o - 13 scrolls of fog
 s - 9 scrolls of enchant armour
 t - 3 scrolls of torment
 v - 5 scrolls of silence
 w - 8 scrolls of immolation
 x - 9 scrolls of teleportation {@r3}
 y - 9 scrolls of poison
 K - 5 scrolls of blinking {@r4}
 M - 4 scrolls of amnesia
 P - 5 scrolls of vulnerability
 R - 5 scrolls of revelation
 T - 13 scrolls of fear
 X - 3 scrolls of butterflies
Potions
 h - 10 potions of heal wounds {@q2}
 j - 8 potions of brilliance
 k - 5 potions of haste {@q3}
 p - 6 potions of might {@q4}
 q - 32 potions of curing {@q1}
 z - 6 potions of lignification
 A - 7 potions of cancellation
 G - 5 potions of enlightenment
 H - 7 potions of invisibility
 J - 4 potions of berserk rage
 S - 17 potions of ambrosia
 V - 4 potions of mutation
 W - 3 potions of magic
 Z - 4 potions of resistance {@q6}
Miscellaneous
 e - a condenser vane
 f - a phial of floods
 r - a phantom mirror
 C - a lightning rod (4/4)


   Skills:
 + Level 23.0 Fighting
 - Level 22.0 Ranged Weapons
 + Level 20.0 Armour
 + Level 23.6 Dodging
 - Level 12.0 Stealth
 - Level 2.6 Unarmed Combat
 - Level 9.0 Spellcasting
 + Level 17.3 Hexes
 - Level 8.0 Transmutations
 - Level 17.2 Invocations
 - Level 14.3 Evocations
 - Level 6.5 Shapeshifting


You had 5 spell levels left.
You knew the following spells:

 Your Spells              Type           Power      Damage    Failure   Level
a - Blink                 Tloc           8%         N/A       34%         2
b - Wereblood             Tmut           20%        N/A       1%          2
c - Yara's Violent Unrav  Hex/Tmut       14%        3d7       3%          5
d - Sublimation of Blood  Necr           4%         N/A       34%         2
e - Swiftness             Air            4%         N/A       56%         3
f - Borgnjor's Vile Clut  Necr/Erth      2%         N/A       99%         5
g - Summon Mana Viper     Hex/Summ       21%        N/A       19%         5
h - Leda's Liquefaction   Hex/Erth       10%        N/A       7%          4
i - Cause Fear            Hex            19%        N/A       1%          4
j - Enfeeble              Hex            19%        N/A       16%         7

Your spell library contained the following spells:

 Spells                   Type           Power      Damage    Failure   Level
 Slow                     Hex            100%       N/A       1%          1
 Ensorcelled Hibernation  Hex/Ice        42%        N/A       1%          2
 Confusing Touch          Hex            39%        N/A       1%          3
 Dazzling Flash           Conj/Hex       42%        N/A       1%          3
 Inner Flame              Hex/Fire       21%        N/A       1%          3
 Tukima's Dance           Hex            39%        N/A       1%          3
 Sting                    Tmut/Pois      48%        1d5       4%          1
 Passwall                 Tmut/Erth      10%        N/A       7%          2
 Anguish                  Hex/Necr       10%        N/A       7%          4
 Metabolic Englaciation   Hex/Ice        10%        N/A       19%         5
 Silence                  Hex/Air        10%        N/A       19%         5
 Apportation              Tloc           8%         N/A       22%         1
 Kiss of Death            Conj/Necr      16%        2d6       22%         1
 Magic Dart               Conj           16%        1d3       22%         1
 Necrotise                Necr           16%        1d4       22%         1
 Sandblast                Erth           8%         2d5       22%         1
 Ignite Poison            Fire/Tmut/Pois 9%         N/A       24%         3
 Call Imp                 Summ           8%         N/A       34%         2
 Cigotuvi's Dreadful Rot  Necr/Pois/Air  8%         N/A       34%         2
 Lesser Beckoning         Tloc           8%         N/A       34%         2
 Momentum Strike          Conj/Tloc      8%         3d8       34%         2
 Poisonous Vapours        Pois/Air       8%         N/A       34%         2
 Scorch                   Fire           8%         2d5       34%         2
 Petrify                  Tmut/Erth      12%        N/A       41%         4
 Gell's Gravitas          Tloc           4%         N/A       56%         3
 Hailstorm                Conj/Ice       4%         3d4       56%         3
 Mephitic Cloud           Conj/Pois/Air  4%         N/A       56%         3
 Ozocubu's Armour         Ice            4%         N/A       56%         3
 Stone Arrow              Conj/Erth      8%         3d7       56%         3
 Teleport Other           Tloc           4%         N/A       56%         3
 Vampiric Draining        Necr           4%         2d6       56%         3
 Vhi's Electric Charge    Tloc/Air       8%         N/A       56%         3
 Volatile Blastmotes      Fire/Tloc      8%         2d10      56%         3
 Alistair's Intoxication  Tmut/Pois      8%         N/A       77%         5
 Irradiate                Conj/Tmut      6%         3d13      77%         5
 Animate Armour           Summ/Erth      8%         N/A       92%         4
 Animate Dead             Necr           4%         N/A       92%         4
 Dispel Undead            Necr           4%         3d7       92%         4
 Flame Wave               Conj/Fire      4%         2d5       92%         4
 Iskenderun's Mystic Bla  Conj/Tloc      4%         2d3       92%         4
 Manifold Assault         Tloc           4%         N/A       92%         4
 Olgreb's Toxic Radiance  Pois           4%         N/A       92%         4
 Passage of Golubria      Tloc           4%         N/A       92%         4
 Sticky Flame             Conj/Fire      4%         2d3       92%         4
 Summon Ice Beast         Ice/Summ       4%         N/A       92%         4
 Summon Lightning Spire   Summ/Air       4%         N/A       92%         4
 Agony                    Necr           4%         N/A       99%         5
 Arcjolt                  Conj/Air       2%         1d12      99%         5
 Fireball                 Conj/Fire      2%         3d4       99%         5
 Freezing Cloud           Conj/Ice/Air   2%         6-21      99%         5
 Iskenderun's Battlesphe  Conj           4%         2d6       99%         5
 Lee's Rapid Deconstruct  Erth           2%         3d4*      99%         5
 Discord                  Hex            19%        N/A       77%         8
 Conjure Ball Lightning   Conj/Air       2%         3x3d6     100%        6
 Death Channel            Necr           2%         N/A       100%        6
 Dispersal                Tloc           2%         N/A       100%        6
 Leda's Unmaking          Conj/Erth      2%         9d1       100%        6
 Plasma Beam              Fire/Air       2%         2x1d12    100%        6
 Simulacrum               Ice/Necr       2%         N/A       100%        6
 Starburst                Conj/Fire      2%         6d3       100%        6
 Summon Cactus Giant      Summ           2%         N/A       100%        6
 Haunt                    Necr/Summ      2%         N/A       100%        7
 Malign Gateway           Summ/Tloc      2%         N/A       100%        7
 Monstrous Menagerie      Summ           2%         N/A       100%        7
 Orb of Destruction       Conj           2%         9d5       100%        7
 Ozocubu's Refrigeration  Ice            2%         4d7       100%        7
 Spellforged Servitor     Conj/Summ      2%         N/A       100%        7
 Summon Hydra             Summ           2%         N/A       100%        7
 Infestation              Necr           2%         N/A       100%        8
 Lehudib's Crystal Spear  Conj/Erth      2%         10d2      100%        8
 Maxwell's Capacitive Co  Air            2%         ∞         100%        8
 Summon Horrible Things   Summ           2%         N/A       100%        8
 Chain Lightning          Conj/Air       2%         3d2       100%        9
 Death's Door             Necr           2%         N/A       100%        9
 Fire Storm               Conj/Fire      2%         8d1       100%        9
 Polar Vortex             Ice            2%         N/A       100%        9
 Shatter                  Erth           2%         3d6*      100%        9


Dungeon Overview and Level Annotations

Branches:
Dungeon (15/15)            Temple (1/1) D:5            Lair (5/5) D:9
 Shoals (4/4) Lair:3       Spider (4/4) Lair:2        Slime (5/5) Lair:5
    Orc (2/2) D:10            Elf (3/3) Orc:2        Vaults (5/5) D:14
  Crypt (3/3) Vaults:3       Tomb (0/3) Crypt:3      Depths (4/4) D:15
    Zot (4/5) Depths:4    Ossuary (visited)          WizLab (visited)
Desolation (visited)

Altars:
Ashenzari
Cheibriados
Dithmenos
Fedhas
Gozag
Hepliaklqana
Kikubaaqudgha
Makhleb
Nemelex Xobeh
Okawaru
Qazlal
Ru
Sif Muna
Trog
Uskayaw
Vehumet
Wu Jian
Xom
Jiyva
Lugonu

Shops:
D:4 (   D:6 *   D:8 ==   D:12 [   D:14 :   D:15 :   Orc:2 (*((   Elf:1 *
Elf:2 *   Shoals:1 :   Shoals:2 =!   Vaults:1 =   Vaults:2 (!!   Vaults:3 ((
Depths:1 ?

Portals:
Hell: Depths:1 Depths:2 Depths:3 Depths:4
Abyss: Depths:3
Pandemonium: Depths:2
Ziggurat: Depths:2

Annotations:
D:5 1 runed translucent door, hattop's ghost, novice DgSh
Zot:1 1 transporter, corrupted


Innate Abilities, Weirdness & Mutations

You have a pair of large antennae on your head. (SInv)
A powerful demonic guardian rushes to your aid.
You can hurl damnation.
You frequently emit foul miasma when damaged in melee.
You are resistant to unholy torment.
When seriously injured, your blood forms very thick armour. (AC +12)
You punish those that try to bend your will. (Will+)
You are very clumsy. (Dex -4)
You are dopey. (Int -2)
Your flesh is heat resistant. (rF+)
You are robust. (+10% HP)
You are weak. (Str -2)


Message History

b - a +9 heavy triple crossbow (weapon)
Fire: b) +9 triple crossbow (heavy)
Press: ? - help, Q - select action, (/) - cycle Shift-Dir - straight line, f/p - Hell Sentinel
Aim: a Hell Sentinel (heavily wounded, 93% to hit)
You shoot a bolt. The bolt hits the Hell Sentinel!!!
The Hell Sentinel is almost dead.
The Hell Sentinel barely misses you. The Hell Sentinel hits you!
The Hell Sentinel completely misses you.
The Hell Sentinel misses you.
The Hell Sentinel hits you but does no damage.
The Hell Sentinel completely misses you. x2
The Hell Sentinel barely misses you.
You take 8 damage, and have 89/258 hp.
Fire: b) +9 triple crossbow (heavy)
Press: ? - help, Q - select action, (/) - cycle Shift-Dir - straight line, f/p - Hell Sentinel
Aim: a Hell Sentinel (almost dead, 93% to hit)
You shoot a bolt. The bolt hits the Hell Sentinel!!!!!
You kill the Hell Sentinel!
Lugonu accepts your kill.
The Hell Sentinel completely misses you.
The Hell Sentinel closely misses you. The Hell Sentinel gestures at you.
The sphere of damnation explodes!
The damnation engulfs you!!!
* * * LOW HITPOINT WARNING * * *
Your corrosive artefact corrodes you!
The damnation engulfs the Hell Sentinel.
The Hell Sentinel completely resists.
You take 37 damage, and have 52/258 hp.
Fire: b) +9 triple crossbow (heavy)
Press: ? - help, Q - select action, (/) - cycle Shift-Dir - straight line, f - Hell Sentinel
Aim: a Hell Sentinel (lightly wounded, 93% to hit)
You shoot a bolt. The bolt hits the Hell Sentinel!
The Hell Sentinel is heavily wounded.
The Hell Sentinel gestures at you. The iron shot hits you!!
* * * LOW HITPOINT WARNING * * *
A demonic guardian appears!
The Hell Sentinel gestures at you. The iron shot hits you!!!
You die...

#..)...... .. .. #.......#. .
....{.. ... ###......##.
.#.#.#.#.# #.# ###.......###.
........).... #####......:......
.#.#.....#.# #....#.....#......
.... ...... { #1.#.#....##......
#.#p#.##.#######....##..###......
...#.##..)..R..)@...##...#.#.....
..9.6).........1..#^#...[#.##....
.'.#.)....).......#.#....####....
.....##..........##.......###....
....###...####....#.......##.....
...####)...# #.?..........##.....
...# #.....###............#......
...# #....#4#........##..........
.#........##..........###.......#


You could see a Hell Sentinel (ally target), a rakshasa and a friendly Hell
Sentinel (summoned).

Vanquished Creatures
  the Royal Jelly (Slime:5)
  Ignacio (Pan)
  A pandemonium lord (Pan)
  4 dread liches
  3 ancient liches
  Mennas (Crypt:2)
  Mara (Vaults:2)
  Khufu (Crypt:2)
  2 orbs of fire (Zot:3)
  A juggernaut (Depths:2)
  2 royal mummies (Crypt:2)
  The ghost of Vaid the Gnoll Aeon, a master GnFi of Cheibriados (Zot:1)
  Sojobo (Crypt:2)
  Bai Suzhen (Depths:1)
  Parghit (Zot:4)
  3 Killer Klowns (Zot:1)
  Saint Roka (Elf:3)
  Margery (Crypt:3)
  A caustic shrike (Depths:2)
  3 curse toes
  10 golden dragons
  Jory (Vaults:3)
  6 bone dragons
  Norris (Vaults:2)
  Arachne (Spider:4)
  Rupert (Lair:3)
  33 tentacled monstrosities
  A Hell Sentinel (Pan)
  2 Ice Fiends (Pan)
  2 walking earthen tomes (Depths:2)
  3 deep elf master archers
  3 deep elf blademasters
  3 titans
  A walking frostbound tome (Depths:2)
  A shard shrike skeleton (Abyss:4)
  25 acid blobs
  7 quicksilver dragons
  11 liches
  8 Executioners
  4 ancient champions (Crypt:3)
  12 death cobs
  10 tentacled starspawn
  15 sphinxes
  Agnes (Spider:1)
  2 revenants
  18 storm dragons
  6 azure jellies
  A rockslime (shapeshifter) (Depths:3)
  9 tengu reavers
  18 shadow dragons
  7 draconian monks
  A daeva (Depths:3)
  7 demonspawn warmongers (Pan)
  14 rockslimes
  Donald (Vaults:1)
  8 fire giants
  3 draconian knights
  13 frost giants
  2 balrugs
  2 deep elf sorcerers (Elf:3)
  8 ghost moths
  An iron dragon (shapeshifter) (Depths:3)
  14 vault wardens
  4 imperial myrmidons (Desolation)
  5 draconian scorchers
  2 cacodemons
  13 ghouls
  4 curse skulls
  6 deep elf elementalists
  7 draconian shifters
  2 orc warlords
  4 draconian annihilators
  5 spriggan defenders
  7 war gargoyles
  2 demonspawn corrupters (Pan)
  A broodmother (Spider:1)
  3 angels
  8 ironbound thunderhulks
  4 reapers
  3 draconian stormcallers
  5 quicksilver oozes
  12 very ugly things
  21 ironbound preservers
  3 starflowers (Abyss:4)
  14 formless jellyfish
  4 demonspawn blood saints (Pan)
  13 deep elf demonologists
  20 stone giants
  7 black draconians
  3 vampire knights
  A demonspawn black sun (Pan)
  An ophan (Abyss:4)
  The ghost of Osyvawk the Marksdraconian, a journeyman DrMo of Hepliaklqana (Lair:4)
  6 lorocyprocas
  9 green draconians
  9 red draconians
  12 purple draconians
  13 white draconians
  2 halazid warlocks (Desolation)
  8 dire elephants
  8 deep elf annihilators
  6 spark wasps
  19 yellow draconians
  A green death (Pan)
  4 eidola
  11 deep elf death magi
  15 merfolk impalers
  3 crystal guardians
  5 merfolk javelineers
  4 mummy priests (Crypt:2)
  15 ettins
  6 fire dragons
  3 blizzard demons (Pan)
  14 jiangshi
  15 yaktaur captains
  6 deep elf high priests
  8 entropy weavers
  9 ragged hierophants (Desolation)
  8 great orbs of eyes
  3 salamander tyrants (Depths:3)
  10 ice dragons
  5 rakshasas
  6 peacekeepers
  A hydra (shapeshifter) (Vaults:5)
  3 ogre magi
  An ice dragon (shapeshifter) (Vaults:5)
  7 centaur warriors
  30 vault guards
  2 radroaches (Spider:4)
  4 servants of whispers (Desolation)
  12 spriggan air magi
  A spriggan skeleton (Crypt:3)
  3 catoblepae
  4 merfolk avatars
  2 juggernaut simulacra (Depths:3)
  2 bennu zombies (Crypt:2)
  11 ironbound frosthearts
  3 jorogumos
  4 hydras
  3 death knights
  A hell beast (Pan)
  4 two-headed ogres
  5 alligator snapping turtles (Shoals:3)
  10 deep troll earth magi
  A satyr (Shoals:3)
  5 merfolk aquamancers
  An Orb Guardian skeleton (Crypt:3)
  32 dancing weapons
  23 death yaks
  3 demonic crawlers
  A hell hog (Abyss:4)
  A naga warrior (Abyss:4)
  9 boulder beetles
  A death scarab (Spider:3)
  8 deep troll shamans
  3 spriggan berserkers
  An alligator (shapeshifter) (Vaults:4)
  7 vampire magi
  9 tengu warriors
  19 thrashing horrors
  4 orc high priests
  14 deep elf knights
  3 soul eaters
  8 sun demons
  21 hell knights
  5 skysharks
  10 sixfirhies
  9 wretched stars
  A goliath frog (shapeshifter) (Depths:3)
  A shadow wraith (Abyss:3)
  18 skeletal warriors
  A spark wasp zombie (Crypt:2)
  An anaconda zombie (Crypt:1)
  2 salamander mystics (Depths:2)
  2 death drakes
  6 flayed ghosts
  A quicksilver dragon simulacrum (Depths:3)
  2 sun moths
  6 pharaoh ants
  7 sea snakes
  2 deep trolls (shapeshifter)
  2 spatial maelstroms (Abyss:4)
  4 orb spiders
  3 iron trolls
  A shadow demon (Abyss:3)
  35 deep trolls
  3 goliath frogs (Shoals:3)
  3 bog bodies (Crypt:1)
  16 steelbarb worms
  4 glowing orange brains
  An anaconda skeleton (Crypt:1)
  30 harpies
  5 lindwurms
  9 phantasmal warriors
  Pikel (D:8)
  6 orc knights
  31 ironbound convokers
  A broodmother zombie (Crypt:2)
  43 starcursed masses
  8 wizards
  16 deep elf archers
  7 oklob plants
  28 deep elf pyromancers
  9 cyclopes
  A mana viper (Abyss:3)
  13 wolf spiders
  A harpy (shapeshifter) (Vaults:5)
  30 deep elf zephyrmancers
  2 shining eyes
  8 necromancers
  7 orc sorcerers
  6 fauns
  16 manticores
  20 ugly things
  A jorogumo skeleton (Crypt:3)
  6 worldbinders
  10 salamanders
  A cyclops (shapeshifter) (Vaults:5)
  6 black mambas
  An elephant (shapeshifter) (Elf:1)
  28 moths of wrath
  5 elephants (Lair:5)
  9 guardian serpents
  13 vault sentinels
  9 merfolk sirens
  8 smoke demons
  A black mamba (shapeshifter) (Elf:3)
  A naga mage (Abyss:4)
  3 apocalypse crabs (Abyss:4)
  2 rust devils (Abyss:4)
  5 orange demons
  2 water nymphs
  5 torpor snails
  15 cane toads
  3 eyes of devastation
  2 gargoyles (D:12)
  A centaur skeleton (Crypt:1)
  A grey draconian zombie (Crypt:2)
  8 komodo dragons
  A hellion (Pan)
  A naga skeleton (Crypt:1)
  An unseen horror (D:12)
  4 efreet
  2 rime drakes
  3 guardian mummies (Crypt:2)
  2 komodo dragons (shapeshifter)
  3 tengu conjurers
  2 kobold demonologists
  26 yaktaurs
  5 freezing wraiths
  A golden dragon simulacrum (Abyss:4)
  A sea snake skeleton (Crypt:1)
  11 ancient zymes
  27 merfolk
  3 red devils
  A polar bear (Lair:5)
  A queen bee (shapeshifter) (Abyss:4)
  24 tarantellas
  8 trolls
  A wind drake (shapeshifter) (Abyss:4)
  A death drake zombie (Crypt:3)
  11 meliai
  A meliai (shapeshifter) (D:15)
  A queen bee (Spider:4)
  2 hellwings
  A tyrant leech (shapeshifter) (Vaults:4)
  53 saltlings (Desolation)
  25 raiju
  5 hornets
  20 blink frogs
  18 dream sheep
  5 wind drakes
  Grinder (D:3)
  A spectral elephant (Lair:4)
  82 slime creatures
  17 snapping turtles
  4 air elementals
  5 flying skulls
  A centaur simulacrum (D:15)
  13 culicivoras
  12 jumping spiders
  3 spriggans (Depths:4)
  2 spriggans (shapeshifter)
  6 vampires
  A spectral black mamba (Lair:4)
  14 water elementals
  9 fire bats (Abyss:3)
  A slime creature zombie (Crypt:1)
  13 ynoxinuls
  4 wyverns
  A yak (shapeshifter) (D:13)
  10 basilisks
  15 wraiths
  3 fire elementals (Elf:1)
  18 golden eyes
  40 yaks
  Grum (D:8)
  11 chaos spawn
  6 neqoxecs
  51 redbacks
  A redback (shapeshifter) (Vaults:5)
  A naga zombie (Crypt:1)
  4 spatial vortices (Abyss:4)
  16 vampire mosquitoes
  A demonspawn zombie (Crypt:2)
  3 spectral cane toads (Lair:4)
  32 large abominations
  A naga (Abyss:4)
  3 two-headed ogre zombies (WizLab)
  4 wargs
  2 acid dragons
  15 water moccasins
  5 hell hounds (Abyss:4)
  A floating eye (Depths:2)
  A fire bat skeleton (Crypt:1)
  31 orc warriors
  An ice beast (D:7)
  A swamp dragon zombie (Crypt:3)
  2 black bears
  A cane toad skeleton (Crypt:3)
  A boulder beetle simulacrum (Lair:4)
  14 boggarts
  19 wolves
  2 ogres (Orc:1)
  A tengu (shapeshifter) (Vaults:5)
  A snapping turtle skeleton (Crypt:1)
  19 centaurs
  A hog zombie (Crypt:3)
  A torpor snail zombie (Crypt:1)
  2 lemures (D:8)
  A komodo dragon zombie (Crypt:3)
  2 phantoms (D:4)
  3 kobold brigands
  16 bullfrogs
  3 necrophages
  3 earth elementals
  2 scorpions
  A wyvern zombie (Crypt:2)
  A draconian skeleton (Crypt:2)
  12 small abominations
  14 wights
  A warg zombie (Crypt:1)
  8 troll zombies (WizLab)
  A raiju zombie (Crypt:3)
  30 killer bees
  A yak skeleton (Crypt:3)
  An elephant simulacrum (Lair:4)
  An electric eel (Shoals:4)
  3 howler monkeys
  A bullfrog zombie (Crypt:3)
  A centaur zombie (Crypt:2)
  A crimson imp (Abyss:4)
  4 quasits (Abyss:3)
  2 jellies
  4 hounds
  2 sleepcaps (D:5)
  19 orc priests
  2 iron imps
  Crazy Yiuf (D:2)
  10 hell rats
  31 orc wizards
  7 iguanas
  A yak simulacrum (Lair:5)
  3 polar bear simulacra (Lair:5)
  5 wolf simulacra (Lair:5)
  7 ogre zombies (WizLab)
  3 mummies
  8 gnolls
  22 river rats
  9 adders
  A shadow imp (D:5)
  4 white imps
  2 ufetubi
  6 worms
  6 dart slugs
  85 orcs
  4 ball pythons
  8 endoplasms
  4 giant cockroaches
  5 goblins
  6 hobgoblins
  10 jackals
  12 quokkas
  A ball python zombie (Crypt:2)
  9 bats
  4 frilled lizards
  5 gnoll skeletons (Ossuary)
  21 kobolds
  5 kobold skeletons (Ossuary)
  15 orc skeletons (Ossuary)
  A quokka zombie (Crypt:1)
  18 rats
  2 river rat simulacra (Lair:5)
  A butterfly (D:5)
  4 lurking horrors
  13 starspawn tentacles
2935 creatures vanquished.

Vanquished Creatures (collateral kills)
  A tentacled monstrosity (Zot:2)
  A draconian scorcher (Abyss:4)
  A balrug (Depths:2)
  A draconian stormcaller (Zot:1)
  A demonspawn blood saint (Pan)
  A black draconian (Zot:2)
  A purple draconian (Zot:1)
  A spark wasp (Depths:2)
  A dire elephant (Vaults:1)
  A merfolk javelineer (Shoals:4)
  A fire dragon (Depths:4)
  A vault guard (Vaults:2)
  2 ironbound frosthearts
  A two-headed ogre (D:11)
  A thrashing horror (Abyss:4)
  Nergalle (D:11)
  A skeletal warrior (Crypt:1)
  2 phantasmal warriors
  A goliath frog skeleton (Crypt:1)
  A smoke demon (Abyss:4)
  An orange demon (Abyss:4)
  A rime drake (Lair:4)
  A merfolk (Shoals:3)
  A raiju (Abyss:4)
  2 slime creatures
  A spatial vortex (Abyss:4)
  2 wolves (Lair:2)
  3 starcursed masses (Abyss:4)
  3 gnolls
  A worm (D:2)
  2 orcs
  An endoplasm (D:3)
  A starspawn tentacle (Abyss:4)
42 creatures vanquished.

Vanquished Creatures (others)
  2 ancient champions (WizLab)
  3 draconian monks (Zot:1)
  A black draconian (Zot:1)
  A red draconian (Zot:4)
  A white draconian (Zot:1)
  2 vault guards (Vaults:5)
  A deep elf knight (Elf:1)
  6 skeletal warriors (WizLab)
  A deep elf zephyrmancer (Elf:1)
  3 moths of wrath (Zot:1)
  A freezing wraith (Abyss:4)
  A saltling (Desolation)
  A golden eye (Abyss:3)
  2 chaos spawn (Abyss:4)
  19 starspawn tentacles
45 creatures vanquished.

Grand Total: 3022 creatures vanquished

Notes
Turn   | Place    | Note
-------+----------+-------------------------------------------
     0 | D:1      | Ofeo the Demonspawn Shapeshifter began the quest for the
                  | Orb.
     0 | D:1      | Reached XP level 1. HP: 15/15 MP: 1/1
   190 | D:1      | Gained mutation: You may rarely emit foul miasma when
                  | damaged in melee. [demonic ancestry]
   190 | D:1      | Reached XP level 2. HP: 21/21 MP: 2/2
   468 | D:1      | Gained mutation: A weak demonic guardian rushes to your
                  | aid. [demonic ancestry]
   468 | D:1      | Reached XP level 3. HP: 27/27 MP: 3/3
   888 | D:1      | Found a faded altar of an unknown god.
   907 | D:1      | Prayed at the altar of an unknown god.
   907 | D:1      | Became a worshipper of Lugonu the Unformed
   907 | D:1      | Reached * piety under Lugonu
  1203 | D:2      | Found a broken altar of Ashenzari.
  1275 | D:2      | Reached XP level 4. HP: 27/34 MP: 4/4
  3144 | D:2      | Reached XP level 5. HP: 35/40 MP: 5/5
  3560 | D:2      | Found a runed translucent door.
  3561 | D:2      | Noticed Crazy Yiuf
  3564 | D:2      | Gained mutation: You are robust. (+10% HP) [potion of
                  | mutation]
  3585 | D:2      | HP: 1/44 [Crazy Yiuf/+2 quarterstaff of chaos (15)]
  3748 | D:2      | Killed Crazy Yiuf
  3773 | D:3      | Noticed Grinder
  4113 | D:3      | Reached ** piety under Lugonu
  4117 | D:3      | HP: 1/45 [orc priest/+0 falchion (7)]
  4424 | D:3      | Paralysed by Grinder for 2 turns
  4433 | D:3      | Paralysed by Grinder for 2 turns
  4999 | D:3      | Paralysed by Grinder for 5 turns
  5005 | D:3      | Killed Grinder
  5006 | D:3      | Gained mutation: When seriously injured, your blood forms
                  | armour. (AC +12) [demonic ancestry]
  5006 | D:3      | Reached XP level 6. HP: 22/52 MP: 6/6
  5182 | D:3      | Found a burning altar of Makhleb.
  5286 | D:3      | Found an ancient bone altar of Kikubaaqudgha.
  5658 | D:3      | Gained mutation: A demonic guardian rushes to your aid.
                  | [demonic ancestry]
  5658 | D:3      | Reached XP level 7. HP: 27/60 MP: 7/7
  6362 | D:4      | Found Gosuica's Weapon Emporium.
  6863 | D:4      | Reached *** piety under Lugonu
  6864 | D:4      | Reached skill level 5 in Fighting
  7037 | D:4      | Found a hide-covered altar of Uskayaw.
  7334 | D:5      | Entered Level 5 of the Dungeon
  7375 | D:5      | Noticed hattop's ghost (novice DgSh)
  7376 | D:5      | Found a runed translucent door.
  7675 | D:5      | Found a staircase to the Ecumenical Temple.
  7693 | Temple   | Entered the Ecumenical Temple
  7732 | D:5      | Found a sand-covered staircase.
  7745 | Ossuary  | Entered an ossuary
  7745 | Ossuary  | Noticed a wraith
  7745 | Ossuary  | Noticed a wraith
  7745 | Ossuary  | Noticed a wraith
  7896 | Ossuary  | Identified a scroll of acquirement
  7896 | Ossuary  | Acquired 889 gold pieces
  8076 | Ossuary  | Noticed a wraith
  8095 | Ossuary  | Killed a wraith
  8096 | Ossuary  | Reached skill level 5 in Dodging
  8096 | Ossuary  | Reached XP level 8. HP: 36/69 MP: 8/8
  8224 | D:4      | Bought the +6 arbalest "Damnation" {damnation} for 800 gold
                  | pieces
  8224 | D:4      | Found the +6 arbalest "Damnation" {damnation}
  8608 | D:5      | Reached skill level 5 in Shapeshifting
  8610 | D:5      | Reached skill level 1 in Ranged Weapons
  9719 | D:6      | Found an opulent altar of Gozag.
  9965 | D:6      | Identified the +1 helmet of the Bulwark {rC+ Int+3}
  9993 | D:6      | Found Kuycoh's Fire Supplies.
 10010 | D:6      | Found a blossoming altar of Fedhas.
 10918 | D:7      | Reached XP level 9. HP: 36/78 MP: 9/9
 11182 | D:7      | Reached **** piety under Lugonu
 11542 | D:7      | Identified the +9 falchion of Change {elec, rElec Will+
                  | Str+4}
 11790 | D:8      | Noticed Grum
 11791 | D:8      | Killed Grum
 11793 | D:8      | Reached skill level 1 in Invocations
 11817 | D:8      | Found Segeanir's Jewellery Shop.
 11868 | D:8      | Reached skill level 5 in Ranged Weapons
 11888 | D:8      | Bought an amulet of guardian spirit for 360 gold pieces
 11984 | D:8      | Noticed Pikel
 11985 | D:8      | Killed Pikel
 12068 | D:8      | Noticed a two-headed ogre
 12072 | D:8      | Killed a two-headed ogre
 12073 | D:8      | Reached XP level 10. HP: 41/86 MP: 5/12
 12224 | D:8      | Found a sacrificial altar of Ru.
 12263 | D:8      | Found Ucehiugu's Jewellery Emporium.
 12784 | D:8      | Found a broken altar of Ashenzari.
 12890 | D:9      | Found a radiant altar of Vehumet.
 12898 | D:9      | Found a staircase to the Lair.
 13840 | D:10     | Entered Level 10 of the Dungeon
 13845 | D:10     | Noticed a white ugly thing
 13847 | D:10     | Killed a white ugly thing
 13848 | D:10     | Reached skill level 5 in Invocations
 14018 | D:10     | Found a staircase to the Orcish Mines.
 14823 | D:11     | Noticed a two-headed ogre
 14823 | D:11     | Noticed Nergalle
 14830 | D:11     | Noticed a manticore
 14831 | D:11     | Killed Nergalle
 14832 | D:11     | Gained mutation: You have a pair of small antennae on your
                  | head. [demonic ancestry]
 14832 | D:11     | Reached XP level 11. HP: 55/94 MP: 8/15
 14832 | D:11     | Killed a two-headed ogre
 15485 | D:12     | Noticed a two-headed ogre
 15488 | D:12     | Killed a two-headed ogre
 15692 | D:12     | Noticed a purple very ugly thing
 15694 | D:12     | Noticed a centaur warrior
 15702 | D:12     | Killed a purple very ugly thing
 15703 | D:12     | Killed a centaur warrior
 15725 | D:12     | Noticed a centaur warrior
 15972 | D:12     | Killed a centaur warrior
 15993 | D:12     | Noticed a boulder beetle
 16001 | D:12     | Killed a boulder beetle
 16044 | D:12     | Gained mutation: When seriously injured, your blood forms
                  | thick armour. (AC +12) [demonic ancestry]
 16044 | D:12     | Reached XP level 12. HP: 70/105 MP: 18/18
 16318 | D:12     | Reached skill level 10 in Ranged Weapons
 16453 | D:12     | Found Loingu Xioce's Antique Armour Emporium.
 16456 | D:12     | Noticed a two-headed ogre
 16459 | D:12     | Killed a two-headed ogre
 16582 | D:12     | Noticed a tengu warrior
 16588 | D:12     | Killed a tengu warrior
 16664 | D:12     | Noticed a two-headed ogre
 16667 | D:12     | Killed a two-headed ogre
 16822 | D:12     | Reached ***** piety under Lugonu
 17119 | D:13     | Reached skill level 10 in Fighting
 17199 | D:13     | Reached skill level 10 in Invocations
 17365 | D:13     | Identified the +1 long sword of Truth {freeze, rN+ MP+9
                  | Str+3}
 17467 | D:13     | Noticed a death knight
 17477 | D:13     | Killed a death knight
 17630 | D:13     | Found a portal to a secret trove of treasure.
 18014 | D:13     | Noticed a centaur warrior
 18017 | D:13     | Killed a centaur warrior
 18090 | D:13     | Noticed a boulder beetle
 18096 | D:13     | Killed a boulder beetle
 18815 | Lair:1   | Entered Level 1 of the Lair of Beasts
 18820 | Lair:1   | Gained mutation: You have a pair of antennae on your head.
                  | [demonic ancestry]
 18820 | Lair:1   | Reached XP level 13. HP: 114/114 MP: 20/20
 19000 | Lair:1   | Reached skill level 10 in Dodging
 20085 | Lair:2   | Found a hole to the Spider Nest.
 20090 | Lair:2   | Reached ****** piety under Lugonu
 21274 | Lair:3   | Found a staircase to the Shoals.
 21603 | Lair:3   | Noticed Rupert
 21609 | Lair:3   | Killed Rupert
 21610 | Lair:3   | Gained mutation: You have a pair of large antennae on your
                  | head. (SInv) [demonic ancestry]
 21610 | Lair:3   | Reached XP level 14. HP: 124/124 MP: 23/23
 22309 | Lair:4   | Found a runed translucent gate.
 22309 | Lair:4   | Found a runed translucent gate.
 22324 | Lair:4   | Found a runed translucent gate.
 22334 | Lair:4   | Noticed Osyvawk's ghost (journeyman DrMo)
 22464 | Lair:4   | Killed Osyvawk's ghost
 23320 | Lair:5   | Entered Level 5 of the Lair of Beasts
 23949 | Lair:5   | Found a viscous altar of Jiyva.
 23950 | Lair:5   | Found a staircase to the Slime Pits.
 24038 | Lair:5   | Identified the +3 long sword "Viluzig" {drain, rF+ rC+ MP-9
                  | Dex+3}
 24039 | Lair:5   | Identified the ring "Reut" {Int+4 SInv Stlth+}
 24362 | Lair:5   | Reached XP level 15. HP: 134/134 MP: 25/25
 24492 | Lair:5   | Identified the +3 long sword of Friendship {flame, rN+}
 24666 | Lair:5   | Upgraded the game from 0.31-a0-426-g3a05650e59 to
                  | 0.31-a0-431-g88bdf31460
 24668 | Lair:5   | Acquired a manual of Fighting
 25318 | D:14     | Reached skill level 15 in Ranged Weapons
 25505 | D:14     | Found Defulot's Book Shoppe.
 25814 | D:14     | Found a gate to the Vaults.
 26223 | D:15     | Entered Level 15 of the Dungeon
 26477 | D:15     | Found a staircase to the Depths.
 26870 | D:15     | Found Ycyidudi's Tiny Tomes.
 27253 | Shoals:1 | Entered Level 1 of the Shoals
 27342 | Shoals:1 | Found Zaje Noc's Book Shoppe.
 27351 | Shoals:1 | Learned a level 2 spell: Blink
 27375 | Shoals:1 | Reached skill level 15 in Invocations
 28513 | Shoals:2 | Gained mutation: When seriously injured, your blood forms
                  | very thick armour. (AC +12) [demonic ancestry]
 28513 | Shoals:2 | Reached XP level 16. HP: 85/147 MP: 18/27
 28903 | Shoals:2 | Found Qaeps's Distillery.
 28995 | Shoals:2 | Bought a potion of haste for 110 gold pieces
 28995 | Shoals:2 | Bought a potion of heal wounds for 55 gold pieces
 28995 | Shoals:2 | Bought a potion of haste for 110 gold pieces
 28995 | Shoals:2 | Bought a potion of heal wounds for 55 gold pieces
 28995 | Shoals:2 | Bought a potion of heal wounds for 55 gold pieces
 28995 | Shoals:2 | Bought a potion of heal wounds for 55 gold pieces
 28995 | Shoals:2 | Bought a potion of might for 44 gold pieces
 29176 | Shoals:2 | Found Ebing's Jewellery Shop.
 29833 | Shoals:3 | Reached skill level 15 in Fighting
 31135 | Shoals:4 | Entered Level 4 of the Shoals
 32158 | Shoals:4 | Reached XP level 17. HP: 158/158 MP: 29/29
 32392 | Shoals:4 | Got a barnacled rune of Zot
 33302 | Spider:1 | Entered Level 1 of the Spider Nest
 33745 | Spider:1 | Noticed Agnes
 34002 | Spider:1 | Killed Agnes
 34941 | Spider:2 | Identified the +7 falchion of Nemelex Xobeh's Envy {freeze,
                  | rPois Str+3 Dex+2}
 35152 | Spider:2 | Reached skill level 1 in Evocations
 35160 | Spider:2 | Reached skill level 1 in Armour
 35288 | Spider:2 | Acquired a manual of Evocations
 35454 | Spider:3 | Reached skill level 1 in Spellcasting
 35859 | Spider:3 | Identified the +1 chain mail "Piabontu" {Int+4}
 35925 | Spider:4 | Entered Level 4 of the Spider Nest
 36301 | Spider:4 | Reached skill level 5 in Evocations
 36490 | Spider:4 | Gained mutation: You sometimes emit foul miasma when
                  | damaged in melee. [demonic ancestry]
 36490 | Spider:4 | Reached XP level 18. HP: 170/170 MP: 30/30
 36636 | Spider:4 | Got a gossamer rune of Zot
 36637 | Spider:4 | Identified the +2 hat "Pyacut" {Dex+3 Slay+3}
 36760 | Spider:4 | Noticed Arachne
 36765 | Spider:4 | Killed Arachne
 37124 | Vaults:1 | Entered Level 1 of the Vaults
 37250 | Vaults:1 | Found a magical portal.
 37259 | WizLab   | Entered Zonguldrok's Shrine
 37445 | WizLab   | Corrupted WizLab
 37446 | WizLab   | Noticed a lich
 37450 | WizLab   | Noticed a bone dragon
 37542 | WizLab   | Found the +9 sword of Zonguldrok {reap}
 37548 | WizLab   | Noticed a bone dragon
 37550 | WizLab   | Noticed an antique lich
 37564 | WizLab   | Killed an antique lich
 37811 | Vaults:1 | Learned a level 2 spell: Wereblood
 37817 | Vaults:1 | Learned a level 5 spell: Yara's Violent Unravelling
 37820 | Vaults:1 | Learned a level 2 spell: Sublimation of Blood
 37824 | Vaults:1 | Learned a level 3 spell: Swiftness
 38222 | Vaults:1 | Reached skill level 5 in Spellcasting
 38224 | Vaults:1 | Reached skill level 5 in Armour
 38286 | Vaults:1 | Noticed Donald
 38291 | Vaults:1 | Killed Donald
 38722 | Vaults:1 | Reached skill level 15 in Dodging
 39198 | Vaults:1 | Found Jokkebi's Jewellery Shop.
 39205 | Vaults:1 | Bought a +4 ring of slaying for 1326 gold pieces
 39439 | Vaults:2 | Found Zofyu's Weapon Shoppe.
 39481 | Vaults:2 | Noticed Mara
 39487 | Vaults:2 | Noticed Ofeo's illusion
 39488 | Vaults:2 | Noticed Ofeo's illusion
 39515 | Vaults:2 | Killed Mara
 39516 | Vaults:2 | Reached XP level 19. HP: 33/177 MP: 31/31
 39858 | Vaults:2 | Identified the +1 leather armour of the Bull {rN+ Will-
                  | Int+2}
 39897 | Vaults:2 | Found Barchiqe's Distillery.
 39902 | Vaults:2 | Bought a potion of heal wounds for 70 gold pieces
 39902 | Vaults:2 | Bought a potion of heal wounds for 70 gold pieces
 39902 | Vaults:2 | Bought a potion of might for 56 gold pieces
 39902 | Vaults:2 | Bought a potion of heal wounds for 70 gold pieces
 40308 | Vaults:2 | Noticed Norris
 40313 | Vaults:2 | Killed Norris
 40314 | Vaults:2 | Reached skill level 10 in Evocations
 40385 | Vaults:2 | Identified the +4 buckler of Okawaru's Approval {Rampage
                  | rF- Str+8 Int-5}
 40429 | Vaults:2 | Found Juipeu Emai's Distillery.
 40439 | Vaults:2 | Bought a potion of haste for 140 gold pieces
 40439 | Vaults:2 | Bought a potion of haste for 140 gold pieces
 41221 | Vaults:3 | Identified the +1 short sword of Defiance {heavy, Str+7
                  | SInv}
 41451 | Vaults:3 | Found a staircase to the Crypt.
 41582 | Vaults:3 | Found Nystua's Weapon Shop.
 41616 | Vaults:3 | Identified the +1 leather armour "Rahajae" {rPois Int+3
                  | Stlth+}
 41695 | Vaults:3 | Noticed Jory
 41701 | Vaults:3 | Killed Jory
 41917 | Vaults:3 | Found Exyis's Weapon Shoppe.
 42307 | Abyss:3  | Cast into level 3 of the Abyss (a wizard)
 42330 | Abyss:3  | Found a corrupted altar of Lugonu.
 42420 | Abyss:3  | Found a corrupted altar of Lugonu.
 42465 | Abyss:3  | Found a corrupted altar of Lugonu.
 42522 | Abyss:3  | Found a corrupted altar of Lugonu.
 42593 | Abyss:3  | Found a corrupted altar of Lugonu.
 42789 | Vaults:4 | Escaped the Abyss
 42950 | Vaults:4 | Identified the +0 pair of gloves of Hyvuq {rElec Str+4}
 43067 | Vaults:4 | Gained mutation: You punish those that try to bend your
                  | will. (Will+) [demonic ancestry]
 43067 | Vaults:4 | Reached XP level 20. HP: 191/191 MP: 32/32
 44241 | Orc:1    | Entered Level 1 of the Orcish Mines
 44519 | Orc:2    | Entered Level 2 of the Orcish Mines
 44581 | Orc:2    | Found a staircase to the Elven Halls.
 45177 | Orc:2    | Found Umiur's Weapon Shop.
 45177 | Orc:2    | Found Diloasi's Weapon Shoppe.
 45185 | Orc:2    | Found Qiruixti's Weapon Shoppe.
 45185 | Orc:2    | Found Tykuwk's General Store.
 45781 | Elf:1    | Entered Level 1 of the Elven Halls
 45848 | Elf:1    | Found Wehaom's Assorted Antiques.
 45858 | Elf:1    | Bought a knobbly brass ring for 170 gold pieces
 45888 | Elf:1    | Found a radiant altar of Vehumet.
 45926 | Elf:1    | Found an ancient bone altar of Kikubaaqudgha.
 45948 | Elf:1    | Found a crumbling gateway.
 45980 | Desolati | Entered the Desolation of Salt
 46072 | Desolati | Reached skill level 10 in Armour
 46112 | Desolati | Identified the ring of Gastet {*Corrode rPois Str-3 Int+7
                  | Dex+6}
 46117 | Desolati | Got the Omnibus of Reshaped Wicked Rites
 46323 | Desolati | Got the Anthology of Poison and the Faeries
 46648 | Desolati | Identified the amulet "Tobyd" {Faith rPois rN++ Int-2}
 48073 | Elf:1    | Gained mutation: A powerful demonic guardian rushes to your
                  | aid. [demonic ancestry]
 48073 | Elf:1    | Reached XP level 21. HP: 202/202 MP: 34/34
 48100 | Elf:1    | Found a runed translucent gate.
 48100 | Elf:1    | Found a runed translucent gate.
 48100 | Elf:1    | Found a runed translucent gate.
 48100 | Elf:1    | Found a runed translucent gate.
 48100 | Elf:1    | Found a runed translucent gate.
 48101 | Elf:1    | Found a runed translucent gate.
 48156 | Elf:1    | Identified the +2 helmet of Muiw {rF- Int+5}
 48399 | Elf:1    | Paralysed by an air elemental for 1 turns
 48984 | Elf:2    | Found a runed translucent gate.
 48984 | Elf:2    | Found a runed translucent gate.
 48989 | Elf:2    | Found a runed translucent gate.
 49198 | Elf:2    | Found Beula's General Store.
 49959 | Elf:3    | Entered Level 3 of the Elven Halls
 49959 | Elf:3    | Noticed Saint Roka
 49972 | Elf:3    | Killed Saint Roka
 50887 | Elf:3    | Identified the +9 dagger of Goegi {venom, Str+3 Dex+6
                  | Stlth-}
 50897 | Elf:3    | Identified the +7 mace of Wahiahu {freeze, MP+9}
 50903 | Elf:3    | Identified the ring "Otaziom" {rC+ EV+5}
 50907 | Elf:3    | Identified the ring of Paranoia {*Slow Fly rF+ Int+5}
 50908 | Elf:3    | Identified the +8 hand axe "Ygraiher" {venom, Str+6 Dex+6}
 50908 | Elf:3    | Identified the ring of the Median {rCorr Str+2}
 51186 | Elf:3    | Got the Compendium of Compulsion
 51195 | Elf:3    | Identified the +1 chain mail "Damnable Contraption" {rC-
                  | Dex+6}
 51697 | Elf:2    | Bought a wand of digging (7) for 382 gold pieces
 51895 | Depths:1 | Entered Level 1 of the Depths
 51943 | Depths:1 | Found a gateway to Hell.
 52012 | Depths:1 | Found Pocyxtarch's Magic Scroll Emporium.
 52192 | Depths:1 | Reached XP level 22. HP: 215/215 MP: 35/35
 52225 | Depths:1 | Noticed Bai Suzhen
 52234 | Depths:1 | Killed Bai Suzhen
 53154 | Depths:2 | You fall into a shaft and drop 1 floor!
 53271 | Depths:2 | Noticed a juggernaut
 53281 | Depths:2 | Killed a juggernaut
 53872 | Depths:2 | Found a one-way gateway to a ziggurat.
 53916 | Depths:2 | Noticed a caustic shrike
 53928 | Depths:2 | Killed a caustic shrike
 54166 | Depths:2 | Noticed a golden dragon
 54169 | Depths:2 | Killed a golden dragon
 54908 | Depths:2 | Reached skill level 1 in Stealth
 54952 | Depths:2 | Gained mutation: You are resistant to unholy torment.
                  | [demonic ancestry]
 54952 | Depths:2 | Reached XP level 23. HP: 223/223 MP: 36/36
 55417 | Depths:2 | Found a one-way gate leading to the halls of Pandemonium.
 55424 | Depths:2 | Learned a level 5 spell: Borgnjor's Vile Clutch
 55430 | Depths:2 | Learned a level 5 spell: Summon Mana Viper
 55528 | Depths:3 | Noticed a juggernaut
 55531 | Depths:3 | a juggernaut changed into a rockslime
 55536 | Depths:3 | Reached skill level 1 in Transmutations
 55704 | Depths:3 | Acquired the +0 pair of boots "Fuemut Dih" {Contam Regen+
                  | rCorr}
 56041 | Depths:3 | Found a one-way gate to the infinite horrors of the Abyss.
 56065 | Depths:3 | Noticed an ancient lich
 56072 | Depths:3 | Killed an ancient lich
 56589 | Depths:4 | Entered Level 4 of the Depths
 57078 | Depths:4 | Identified the +3 scale mail of Warchif {Str+4}
 57084 | Depths:4 | Identified the +9 chain mail of the Guilds {Harm Drain
                  | rCorr Int+5}
 57282 | Depths:4 | Found an ornate altar of the Wu Jian Council.
 57405 | Depths:4 | Reached skill level 5 in Stealth
 57718 | Depths:4 | Found a gate to the Realm of Zot.
 58547 | Slime:1  | Entered Level 1 of the Pits of Slime
 59075 | Slime:2  | You fall into a shaft and drop 1 floor!
 59342 | Slime:1  | Reached skill level 5 in Transmutations
 59388 | Slime:3  | Reached skill level 15 in Armour
 59499 | Slime:5  | Entered Level 5 of the Pits of Slime
 59546 | Slime:5  | Reached XP level 24. HP: 231/231 MP: 36/36
 59659 | Slime:5  | Gained mutation: You are clumsy. (Dex -2) [a shining eye]
 60182 | Slime:5  | Noticed the Royal Jelly
 60183 | Slime:5  | Found a viscous altar of Jiyva.
 60195 | Slime:5  | Killed the Royal Jelly
 60261 | Slime:5  | Identified the +0 chain mail "Heatunee" {Slay+6}
 60292 | Slime:5  | Identified the +11 war axe "Otamig" {heavy, Int+8}
 60295 | Slime:5  | Got a slimy rune of Zot
 60305 | Slime:5  | Identified the ring of Generosity {rF+ Slay+4 Stlth+}
 60325 | Slime:5  | Identified the staff of Fortitude {rF+ rN+ Dex+4 Stlth+
                  | Fire}
 60347 | Slime:5  | Identified the +6 dagger of Blind Justice {heavy, Drain
                  | rElec Int+3}
 61074 | D:13     | You showed the slimy rune of Zot to enter a treasure trove
 61075 | Trove    | Entered a treasure trove
 61106 | Trove    | Gained mutation: You frequently emit foul miasma when
                  | damaged in melee. [demonic ancestry]
 61106 | Trove    | Reached XP level 25. HP: 238/238 MP: 36/36
 61430 | Vaults:5 | Entered Level 5 of the Vaults
 61449 | Vaults:5 | Reached skill level 1 in Hexes
 61527 | Vaults:5 | Reached skill level 5 in Hexes
 61549 | Vaults:5 | Reached skill level 10 in Stealth
 61555 | Vaults:5 | Identified the +1 battleaxe "Yzoeh" {heavy, rElec MP+9}
 61557 | Vaults:5 | Identified the ring "Veprixog" {Fly rF- rN+++ Will+ AC+4}
 61667 | Vaults:5 | Identified the +8 longbow "Aciad" {drain, Will+ Dex+3}
 61694 | Vaults:5 | Identified the +7 orcbow "Vofi" {drain, rElec rPois MP+9}
 62010 | Vaults:5 | Identified the +0 dire flail "Opauti" {venom, Int+4 Dex-4
                  | SInv}
 62070 | Vaults:5 | Got the Tome of the Mountains and Moulding
 62287 | Vaults:5 | Found the macabre finger necklace {Finger+ rN+}
 62299 | Vaults:5 | Got a silver rune of Zot
 62353 | Vaults:5 | Noticed an ancient lich
 62359 | Vaults:5 | Killed an ancient lich
 63303 | Depths:3 | Voluntarily entered the Abyss.
 63421 | Abyss:3  | Reached XP level 26. HP: 246/246 MP: 36/36
 63436 | Abyss:3  | Found a corrupted altar of Lugonu.
 63497 | Abyss:3  | Found a corrupted altar of Lugonu.
 64066 | Abyss:4  | Noticed a dread lich
 64070 | Abyss:4  | Noticed a dread lich
 64076 | Abyss:4  | Killed a dread lich
 64076 | Abyss:4  | Paralysed by a dread lich for 5 turns
 64085 | Abyss:4  | Killed a dread lich
 64086 | Abyss:4  | Reached skill level 10 in Hexes
 64099 | Depths:3 | Escaped the Abyss
 64135 | Depths:3 | Voluntarily entered the Abyss.
 64228 | Abyss:4  | Got an abyssal rune of Zot
 64240 | Abyss:4  | Identified the +5 tower shield "Tuvos" {rCorr Int+3}
 64253 | Depths:3 | Escaped the Abyss
 64440 | Zot:1    | Entered Level 1 of the Realm of Zot
 64681 | Abyss:4  | Gained mutation: Armour fits poorly on your strangely
                  | shaped body. [a cacodemon]
 64762 | Zot:1    | Escaped the Abyss
 64796 | Zot:1    | Gained mutation: You can hurl damnation. [demonic ancestry]
 64796 | Zot:1    | Reached XP level 27. HP: 229/254 MP: 36/36
 65661 | Zot:1    | Noticed Vaid's ghost (master GnFi)
 65678 | Zot:1    | Found a bloodstained altar of Trog.
 65680 | Zot:1    | Identified the -1 cloak "Wiahorphy" {Int+2}
 65685 | Zot:1    | Found a transporter.
 65753 | Zot:1    | Found a transporter.
 65754 | Zot:1    | Identified the +0 cloak "Xiubyif" {rElec rC+ rN++ Int-5}
 65846 | Zot:1    | Identified the +0 scale mail of True Grit {rF+}
 65878 | Zot:1    | Noticed a dread lich
 65902 | Zot:1    | Killed a dread lich
 66190 | Zot:1    | Corrupted Zot:1
 66252 | Zot:1    | Killed Vaid's ghost
 66386 | Zot:1    | Identified the +1 pair of gloves "Joleof" {Slay+3}
 68433 | Zot:3    | Noticed an orb of fire
 68437 | Zot:3    | Killed an orb of fire
 68465 | Zot:3    | Noticed an orb of fire
 68467 | Zot:3    | Gained mutation: You are very clumsy. (Dex -4) [an orb of
                  | fire]
 68469 | Zot:3    | Gained mutation: You are dopey. (Int -2) [an orb of fire]
 68470 | Zot:3    | Gained mutation: You occasionally lose the ability to read
                  | scrolls when taking damage. [an orb of fire]
 68471 | Zot:3    | Gained mutation: You are weak. (Str -2) [an orb of fire]
 68472 | Zot:3    | Killed an orb of fire
 68479 | Zot:2    | Lost mutation: You occasionally lose the ability to read
                  | scrolls when taking damage. [potion of mutation]
 68479 | Zot:2    | Lost mutation: You are very clumsy. (Dex -4) [potion of
                  | mutation]
 68479 | Zot:2    | Lost mutation: Armour fits poorly on your strangely shaped
                  | body. [potion of mutation]
 68479 | Zot:2    | Gained mutation: Your flesh is heat resistant. (rF+)
                  | [potion of mutation]
 69796 | Zot:4    | Noticed Parghit
 69806 | Zot:4    | Killed Parghit
 69807 | Zot:4    | Reached skill level 15 in Hexes
 71068 | Zot:4    | Learned a level 4 spell: Leda's Liquefaction
 71073 | Zot:4    | Learned a level 4 spell: Cause Fear
 71081 | Zot:4    | Learned a level 7 spell: Enfeeble
 71572 | Crypt:1  | Entered Level 1 of the Crypt
 72507 | Crypt:2  | Noticed Sojobo
 72522 | Crypt:2  | Killed Sojobo
 73254 | Crypt:2  | Noticed Mennas
 73265 | Crypt:2  | Noticed a royal mummy
 73267 | Crypt:2  | Killed Mennas
 73280 | Crypt:2  | Killed a royal mummy
 73357 | Crypt:2  | Noticed a royal mummy
 73368 | Crypt:2  | Killed a royal mummy
 73677 | Crypt:2  | Noticed Khufu
 73690 | Crypt:2  | Killed Khufu
 73801 | Crypt:3  | Entered Level 3 of the Crypt
 73802 | Crypt:3  | Noticed Margery
 73904 | Crypt:3  | Killed Margery
 74159 | Crypt:3  | Found a staircase to the Tomb.
 74311 | Crypt:3  | Noticed a dread lich
 74319 | Crypt:3  | Killed a dread lich
 74350 | Crypt:3  | Found the +8 autumn katana {manifold assault}
 74363 | Crypt:3  | Identified the -2 cloak of Entitlement {rF+}
 74373 | Crypt:3  | Got Hutyaka's Codex of Mortification
 75000 | Pan      | Entered Pandemonium
 75102 | Pan      | Noticed Ignacio
 75108 | Pan      | Killed Ignacio
 75915 | Pan      | Gained mutation: You are very clumsy. (Dex -4) [a
                  | cacodemon]
 76035 | Pan      | Noticed Ucruegix the pandemonium lord
 76125 | Pan      | Killed Ucruegix the pandemonium lord
 76152 | Pan      | Killed from afar by a Hell Sentinel (illusionary)

Illustrated notes

Levels and vault maps discovered:
D:1:      dpeg_arrival_simpleton_a, layout_loops_ring,
          hellmonk_ecumenical_altar_zigzags
D:2:      layout_loops_cross, basic_altar, nicolae_wormholes,
          uniq_crazy_yiuf_cottage
D:3:      layout_basic, mainiacjoe_overflow_catwalk,
          mainiacjoe_overflow_concentric_impassable, serial_curves,
          eino_curves_04, eino_curves_04, uniq_grinder
D:4:      layout_cave_pools, nicolae_uskayaw_murder_on_the_dancefloor,
          serial_shops, kennysheep_mini_moat, nicolae_grassy_gnolls
D:5:      layout_basic, minmay_temple_entry_butterflies, gammafunk_ghost_grave,
          gup_ossuary_entry_pyramid
D:6:      layout_layer_cave, overflow_temple_1_default,
          nicolae_overflow_hidden_temple, minmay_statues_item,
          nicolae_shop_fire_sale [nicolae_sub_dead_trees],
          hangedman_decor_growths
D:7:      layout_cave_pools, kennysheep_little_box
D:8:      layout_loops_ring, ashenzari_altar_1, mainiacjoe_overflow_alcove_4,
          serial_shops, shop, shop, minmay_misc_feat_ornament, uniq_pikel,
          uniq_grum
D:9:      layout_long_grid, mainiacjoe_overflow_alcove_1, lair_entry_dummy
D:10:     layout_gridville, orc_0_dummy
D:11:     layout_cave_pools, serial_park, serial_park_square2,
          serial_park_tiny_2, serial_park_tiny_pond, kennysheep_nub,
          uniq_nergalle
D:12:     layout_cave_pods, serial_shops, nicolae_take_the_stairs,
          minmay_pinched_square
D:13:     layout_layer_cave, enter_trove_6
D:14:     layout_small_grid, hangedman_vaults_entry_quadrant_bands,
          serial_shops, shop
D:15:     hellmonk_depths_entry_around_the_bend, layout_rooms,
          minmay_misc_feat_plants, nicolae_shop_i_like_small_books_too
Temple:   chequers_temple_sunken
Lair:1:   layout_cave_shapes, kennysheep_rathole, grunt_megastairs_5
Lair:2:   layout_small_grid, nicolae_spider_entry_lesser_pyramids,
          grunt_megastairs_4, lemuel_fruit_tree
Lair:3:   lemuel_ratsnest, layout_misc_corridors, minmay_shoals_entry_beasts,
          uniq_rupert
Lair:4:   layout_long_grid, gammafunk_ghost_necromancy
Lair:5:   hangedman_lair_in_review, layout_concentric_octagons,
          minmay_slime_entry_oklob_open, eino_house_with_fridge
Shoals:1: layout_shoals, serial_shops, nicolae_shop_rolling_square
Shoals:2: cheibrodos_shoals_baths, layout_shoals, serial_shops,
          nicolae_shop_peninsula, minmay_shop_enchanted_jewellery
Shoals:3: layout_shoals, nicolae_shoals_seven_spires,
          nicolae_shoals_goliath_grotto
Shoals:4: shoals_end_grunt_ice, layout_shoals,
          nicolae_shoals_siren_and_animal_friends
Spider:1: layout_spider_delve, uniq_agnes
Spider:2: layout_spider_delve, nicolae_spider_twisty_arc_passages
Spider:3: layout_spider_delve, drop_trap
Spider:4: hellmonk_spider_rune_bug_friends, special_room [special_room_bee],
          nicolae_spider_webs_and_nodes, uniq_arachne
Slime:1:  layout_caves
Slime:2:  cheibrodos_slime_lost_civilization_9, layout_caves
Slime:3:  layout_caves
Slime:4:  layout_caves
Slime:5:  slime_pit_nicolae_royal_road_to_ruin
Orc:1:    layout_caves
Orc:2:    grunt_orc_tribal_feast, layout_caves
Elf:1:    layout_loops_corners, portal_desolation_entry_holy_temple,
          serial_shops, shop_statue, orc_legates, hangedman_elf_simple_split,
          chequers_hall_statues_y
Elf:2:    elven_hall_of_blades_hangedman_original
          [nicolae_blade_entry_pointy_end], layout_gridlike, serial_shops, shop
Elf:3:    grunt_elf_hall_asides, layout_geoelf_octagon, serial_sigils,
          serial_sigils_hangedman_snap, serial_sigils_hangedman_leer,
          serial_sigils_hangedman_confine, serial_sigils_hangedman_gnaw,
          serial_sigils_hangedman_etch, uniq_saint_roka
Vaults:1: mu_enter_wizlab_3, vaults_room_stairs_pillars,
          nicolae_vaults_surprise_closet, nicolae_vaults_more_shelving_1,
          v_pattern_4, nicolae_vaults_frosty_reception,
          nicolae_vaults_double_plus_1, nicolae_vaults_closet_pinwheel_6,
          vaults_room_door_ring, nicolae_vaults_windows_and_doors_thing,
          vaults_room_pool, layout_vaults_quadrants, serial_shops,
          nicolae_shop_peninsula, uniq_donald
Vaults:2: v_misc_14, hangedman_vaults_nodes, hangedman_vaults_unwind,
          grunt_vaults_twisty, nicolae_vaults_turnstiles, grunt_vaults_bifocal,
          vaults_dpeg_spiral, nicolae_vaults_variable_pillar_hall,
          nicolae_vaults_storage_closets_1, nicolae_vaults_mitosis,
          vaults_dpeg_ring, layout_vaults_ring, serial_shops,
          nicolae_shop_bloodbath_and_beyond, shop, shop, uniq_norris, uniq_mara
Vaults:3: vaults_room_octagon, minmay_crypt_entry_simple_statues, v_misc_11,
          nicolae_vaults_taking_the_gang_shopping, vaults_mumra_hex,
          ontoclasm_vaults_claustrophobia, nicolae_vaults_tetromino_Z_2,
          ontoclasm_vaults_loading_screen, hangedman_vaults_trim,
          ontoclasm_vaults_misaligned, nicolae_vaults_hexular_roomagon,
          vaults_dpeg_hooks, nicolae_vaults_weapon_check,
          nicolae_vaults_specimen_jars, layout_vaults_maze_snakey, serial_shops,
          shop_statue, uniq_jory
Vaults:4: nicolae_vaults_closet_pinwheel_2, nicolae_vaults_diagonal_hallway_6,
          v_misc_26, nicolae_vaults_closet_pinwheel_1, v_misc_24, v_misc_32,
          v_alt_pattern_2, v_rooms_5, nicolae_vaults_house_2,
          nicolae_vaults_display_case, layout_vaults_omnicross
Vaults:5
Crypt:1:  layout_regular_city, grunt_ministairs_4, grunt_megastairs_3
Crypt:2:  ragdoll_tomb_raider, layout_misc_corridors, small_statue_intersection,
          corner_web_ring, uniq_khufu, uniq_mennas, uniq_sojobo
Crypt:3:  david_glass_crypt, layout_rooms, uniq_margery
Depths:1: layout_gridlike, hell_entry, serial_shops, nicolae_square_shop,
          hangedman_abyss_or_decor_stagger, minmay_misc_feat_room,
          bh_walls_and_bars, uniq_bai_suzhen
Depths:2: minmay_octagon_city, layout_basic, ziggurat_fallback,
          rand_demon_pan_entry_4, hangedman_tar_grid_catacomb, minivault_22,
          firewood_loft, infiniplex_staircase_door_maze
Depths:3: hangedman_crystal_crosses_colossus [crystal_crosses_arms_four,
          crystal_crosses_arms_four, crystal_crosses_arms_two,
          crystal_crosses_arms_one], hell_entry, abyss_entry, serial_shops
Depths:4: grunt_zot_entry_funnels, layout_cave_pools, nzn_wu_jian_contemplation,
          hell_entry, nicolae_triple_integral
Zot:1:    grunt_deathspiral_small, layout_onion_interference,
          gammafunk_ghost_wrathful_warriors, nzn_random_ring
Zot:2:    layout_twisted_circle
Zot:3:    layout_cathedral_of_symmetry, grunt_ministairs_6
Zot:4:    layout_gridlike, grunt_megastairs_2, uniq_parghit
Pan:      pan_disco_hall, layout_chambers, uniq_ignacio

Skill      XL: |  1  2  3  4  5  6  7  8  9 10 11 12 13 14 15 16 17 18 19 20 21 22 23 24 25 26 27 |
---------------+----------------------------------------------------------------------------------+-----
Dodging        | 2 3 4 5 6 7 8 9 10 11 12 13 14 15 16 17 18 19 20 21 23 | 23.6
Shapeshifting  | 3 4 5 6 |  6.5
Fighting       | 2 4 5 6 7 8 9 10 11 12 14 16 17 18 19 20 22 23 | 23.0
Ranged Weapons | 3 6 7 9 11 13 14 15 17 18 19 20 22 | 22.0
Invocations    | 3 6 8 10 12 13 15 16 17 | 17.2
Evocations     | 5 9 10 14 | 14.3
Armour         | 3 6 8 10 12 14 15 16 17 20 | 20.0
Spellcasting   | 3 6 8 9 |  9.0
Stealth        | 1 6 9 10 12 | 12.0
Transmutations | 5 6 8 |  8.0
Hexes          | 7 12 17 | 17.3
Unarmed Combat | |  2.6

Action                     |  1- 3 |  4- 6 |  7- 9 | 10-12 | 13-15 | 16-18 | 19-21 | 22-24 | 25-27 || total
---------------------------+-------+-------+-------+-------+-------+-------+-------+-------+-------++-------
  Melee: Unarmed           |   108 |   143 |       |       |       |       |       |       |       ||   251
         Punch             |     2 |     4 |       |       |       |       |       |       |       ||     6
         Spear             |       |    23 |       |       |       |       |       |       |       ||    23
         Halberd           |       |    55 |   153 |       |       |       |       |       |       ||   208
         Arbalest          |       |       |       |       |       |       |       |       |     1 ||     1
   Fire: Arbalest          |       |       |    67 |   226 |   652 |  1005 |  1151 |   980 |  1953 ||  6034
         Triple crossbow   |       |       |       |       |       |       |       |       |     3 ||     3
  Throw: Throwing net      |       |       |       |       |       |     3 |       |       |       ||     3
 Invoke: Corrupt           |       |       |       |       |       |     1 |       |       |     1 ||     2
         Enter the Abyss   |       |       |       |       |       |       |       |       |     1 ||     1
Ability: Hurl Damnation    |       |       |       |       |       |       |       |       |    18 ||    18
  Evoke: Wand              |       |       |       |     1 |     1 |       |       |     2 |     5 ||     9
         Condenser vane    |       |       |       |       |       |       |       |       |     1 ||     1
    Use: Scroll            |       |     3 |     6 |     1 |    12 |    10 |     2 |     4 |    13 ||    51
         Potion            |       |     3 |     5 |     1 |     1 |     5 |     3 |     6 |    13 ||    37
   Stab: Sleeping          |     2 |     3 |     2 |       |       |       |       |       |       ||     7
 Armour: Animal skin       |    11 |    26 |    31 |       |       |       |       |       |       ||    68
         Leather armour    |       |       |     6 |    10 |    15 |       |       |       |       ||    31
         Quicksilver drago |       |       |       |       |    57 |   146 |   118 |    92 |   447 ||   860
  Dodge: Dodged            |    56 |   124 |   162 |    91 |   288 |   545 |   370 |   481 |  1762 ||  3879
         Form:             |       |       |       |       |     1 |       |       |       |       ||     1

Table legend: (Time is in decaauts)
 A = Elapsed time spent in this place.
 B = Non-inter-level travel time spent in this place.
 C = Inter-level travel time spent in this place.
 D = Time resting spent in this place.
 E = Time spent auto-exploring this place.
 F = Levels seen in this place.
 G = Mean time per level.
                   A        B        C        D        E       F      G
               +--------+--------+--------+--------+--------+-----+--------+
         Total |  77428 |  70184 |   7244 |  11978 |  43367 |  65 | 1191.2 |
       Dungeon |  22383 |  19717 |   2666 |   3694 |  13293 |  15 | 1492.2 |
        Temple |      1 |      1 |      0 |      0 |      0 |   1 |    1.0 |
          Lair |   6713 |   6040 |    673 |    503 |   4649 |   5 | 1342.6 |
        Shoals |   6510 |   6179 |    331 |   2079 |   3117 |   4 | 1627.5 |
   Spider Nest |   3406 |   3254 |    152 |    936 |   1682 |   4 |  851.5 |
    Slime Pits |   2274 |   2169 |    105 |    879 |    408 |   5 |  454.8 |
  Orcish Mines |   1640 |   1401 |    239 |      0 |   1185 |   2 |  820.0 |
   Elven Halls |   4106 |   3810 |    296 |    452 |   2373 |   3 | 1368.7 |
        Vaults |   8680 |   7304 |   1376 |    860 |   4971 |   5 | 1736.0 |
         Crypt |   3090 |   2841 |    249 |    161 |   2007 |   3 | 1030.0 |
        Depths |   7202 |   6414 |    788 |   1153 |   3769 |   4 | 1800.5 |
           Zot |   6020 |   5656 |    364 |    770 |   3723 |   4 | 1505.0 |
         Abyss |   1600 |   1600 |      0 |     47 |    477 |   5 |  320.0 |
   Pandemonium |   1164 |   1164 |      0 |     50 |    744 |   1 | 1164.0 |
         Trove |    133 |    133 |      0 |      0 |      0 |   1 |  133.0 |
       Ossuary |    424 |    424 |      0 |    168 |      0 |   1 |  424.0 |
        Wizlab |    440 |    440 |      0 |     10 |     54 |   1 |  440.0 |
    Desolation |   1635 |   1635 |      0 |    214 |    912 |   1 | 1635.0 |
               +--------+--------+--------+--------+--------+-----+--------+

Top non-repeatable levels by time:
Depths:2: 2667 daAuts
     D:2: 2364 daAuts
     D:3: 2254 daAuts
   Zot:1: 2042 daAuts
Vaults:1: 2013 daAuts
    D:13: 1922 daAuts
Shoals:4: 1918 daAuts
     D:6: 1864 daAuts
Vaults:3: 1855 daAuts
     D:1: 1817 daAuts
Shoals:3: 1814 daAuts
Vaults:2: 1808 daAuts
Depths:4: 1801 daAuts
    D:12: 1760 daAuts
Desolation: 1635 daAuts
